[Event "44th Chess Olympiad Open 2022"]
[Site "Chennai"]
[Date "2022.08.01"]
[Round "4.22"]
[White "Tristan, Leonardo"]
[Black "Tate, Alan"]
[Result "1-0"]
[WhiteElo "2558"]
[BlackElo "2313"]
[Annotator "TA"]
[PlyCount "49"]
[EventDate "2022.??.??"]
[TimeControl "60"]

1. d4 d5 2. c4 e6 3. Nc3 c5 4. cxd5 cxd4 5. Qa4+ Bd7 6. Qxd4 exd5 7. Qxd5 Nf6 8. Qd1 Bc5 9. Nf3 Nc6 10. e3 {[%emt 0:
00:00] D32: Tarrasch Defence: Sidelines and lines without g3.} O-O 11. Be2 Qe7 12. a3 {[%emt 0:12:27]
White is slightly better.} Rac8 13. O-O Rfd8 14. Qc2 Ne5 {[%emt 0:03:08] 14...Bd6 is
becoming the main line.} 15. Nd4 {[%emt 0:12:26] [#]} Ng6 $146 ({Predecessor:} 15... Nc6 16. Rd1 g6 17. Nxc6 Bxc6 18. Rxd8+ Rxd8 19. Bd2 Ne4
20. Be1 Nxc3 21. Bxc3 Qg5 {1-0 (34) Turov,M (2566)-Sundararajan,K (2413)
Vaujany 2019}) 16. Rd1 h5 17. b4 Bd6 18. Bb2 $1 Ng4 {[%emt 0:09:01] [#]
Threatens to win with ...Qh4.} 19. Bxg4 (19. g3 $1 $16) 19...
Bxg4 $11 20. Nf5 {[%emt 0:02:22] Pair of Knights!} Qg5 (20... Bxh2+ $1 $11 21. Kxh2 Qe5+ 22. f4 (22. Ng3 $2 Bxd1 23.
Rxd1 Rxd1 $19) 22... Bxf5) 21. Rxd6 $16 (21. Nxd6 Bf3 22. g3
Qg4 $14) 21... Bxf5 22. Rxd8+ Rxd8 23. Ne4 Qg4 {[%emt 0:00:19] [#]} (23...
Nh4 $16 {was called for.} 24. Nxg5 Bxc2) 24. f3 $1 $18 Bxe4 $2 (24... Qg5 {might work better.}) 25. Qc3 {[%emt 0:00:27]
Weighted Error Value: White=0.10 (very precise) /Black=0.35} (25. fxg4 $2 {
too greedy.} Bxc2 26. gxh5 Nh4 $19) ({Not} 25. fxe4 Rc8 26. Qd1 Qxe4 $11) ({
Worse is} 25. Qxe4 Qxe4 26. fxe4 Rd2 $11) 1-0

[Event "44th Chess Olympiad Open 2022"]
[Site "Chennai"]
[Date "2022.08.01"]
[Round "4.22"]
[White "Olson, Hamish"]
[Black "Krysa, Leandro"]
[Result "0-1"]
[WhiteElo "2343"]
[BlackElo "2515"]
[Annotator "TA"]
[PlyCount "56"]
[EventDate "2022.??.??"]
[TimeControl "60"]

1.
d4 Nf6 2. Nf3 d5 3. c4 e6 4. g3 dxc4 5. Bg2 Bb4+ 6. Bd2 a5 7. Qc2 {[%emt 0:02:02] E04: Open Catalan: 5 Nf3.}
Bxd2+ 8. Nbxd2 b5 9. O-O {
[%emt 0:05:03] The position is equal.} O-O 10. b3 cxb3 11. Nxb3 Bb7 12.
Rfc1 Be4 13. Qxc7 Nbd7 14. Qxd8 Rfxd8 15. a4 b4 ({Black should try} 15... Bd5 $11 16. Nfd2
Nb6) 16. Nfd2 $1 $14 Bxg2 17. Kxg2 Nd5 18. Nc4 {[%emt 0:03:48] [#]} Nc3 $146 ({Predecessor:} 18... Rdc8 19. Nbxa5 Kf8 20. e3 Nc3 21. Nd6 Rc7 22. Nb3
Ke7 23. Ne4 f5 24. Nxc3 Rxc3 25. Rxc3 bxc3 {1-0 (57) Valak,A (2432)-Grabowski,
B (1986) ICCF email 2010}) 19. e3 (19. Ncxa5 $14 Rdc8 20. Nb7)
19... Ra6 (19... Rdc8 $11 20. Nbxa5 Ra6) 20. Ncxa5 ({Much worse is} 20. Nbxa5 Rc8 $11) 20... Rda8 21. Nc4 {[%emt 0:07:31] Black must now prevent a5.} Rxa4 22. Rxa4 Rxa4 23. Rc2 f5 24. Nc1 $2 {[%emt 0:08:25] [#]} (24. Rb2
$11) 24... b3 $1 $17 {[%emt 0:01:01][%cal Yb4b3,Yb3b2] Black is more active.}
25. Rxc3 Rxc4 $1 {[%emt 0:00:13] Remove Defender, Promotion}
26. Rxc4 (26. Ne2 $17 {was the crucial defense.} Rb4 27. Rc7)
26... b2 $19 {[%emt 0:00:33] Black is clearly winning.} 27. Rc8+ Kf7 28. Rc7 Ke8 {[%emt 0:00:22]
Weighted Error Value: White=0.45/Black=0.07 (flawless)} 0-1

[Event "44th Chess Olympiad Open 2022"]
[Site "Chennai"]
[Date "2022.08.01"]
[Round "4.22"]
[White "Waldhausen Gordon, Frederick"]
[Black "Flores, Diego"]
[Result "0-1"]
[WhiteElo "2028"]
[BlackElo "2528"]
[Annotator "TA"]
[PlyCount "58"]
[EventDate "2022.??.??"]
[TimeControl "60"]

1. e4 c6 2. d4 d5 3. Nc3 dxe4 4. Nxe4 Nf6 5. Nxf6+ gxf6 6. c3 Bf5 7. Bc4 e6 8. Ne2 Nd7 9. Ng3 Bg6 10. h4 {[%emt 0:00:30][%cal Yh2h4,Yh4h5] h5 is the strong threat.} h6 {[%emt 0:
00:30] B16: Caro-Kann: Bronstein-Larsen Variation.} 11. h5 Bh7
{[%emt 0:09:14] [#]} 12. Be3 $146 ({Predecessor:} 12. Qf3 f5
13. Bf4 Nb6 14. Bb3 Nd5 15. Ne2 Nxf4 16. Nxf4 Bd6 17. g3 Qc7 18. O-O-O {
½-½ (50) Stoynov,I (2300)-Stefanov,K (2382) Albena 2010}) 12... Nb6 {[%emt 0:
02:46] White is slightly better.} 13. Bb3 a5 14. O-O Rg8 15. a4 Nd5 16. Qd2 (16. Bxd5 $11 Qxd5 17. Qe2) 16... Nxe3
$17 17. Qxe3 Qc7 18. Ne4 Bxe4 19. Qxe4 f5 20. Qe3 Rg5 21.
Bd1 Bd6 22. Bf3 Bh2+ 23. Kh1 Bf4 $40 {[%emt 0:00:08] Black attacks.
} 24. Qe2 Qe7 {[%emt 0:00:00][%cal Yg5h5] ( -> ...Rxh5+!)} 25.
Rfe1 $2 {[%emt 0:04:07] [#] Now White is beyond hope.} (25. Kg1 $11) 25...
Rxh5+ $3 {[%emt 0:00:58] Black mates.} 26. Kg1 {[%emt 0:00:48] [#]} Rh1+ $3 27. Kxh1 Qh4+ 28. Kg1 Qh2+ 29. Kf1 Qh1# {[%emt 0:
00:08] Weighted Error Value: White=0.63/Black=0.05 (flawless)} 0-1

[Event "44th Chess Olympiad Open 2022"]
[Site "Chennai"]
[Date "2022.08.01"]
[Round "4.23"]
[White "Blomqvist, Erik"]
[Black "Cawdery, Daniel"]
[Result "1-0"]
[WhiteElo "2521"]
[BlackElo "2417"]
[Annotator "TA"]
[PlyCount "115"]
[EventDate "2022.??.??"]
[TimeControl "60"]

1. e4 c5 2. Nf3 e6 3. d4 cxd4 4. Nxd4 Nf6 5. Nc3 Nc6 6. Nxc6 bxc6 7. e5 Nd5 8. Ne4 Qc7 9. f4 Qb6 10. c4 Bb4+ 11. Ke2 Ba6 12. Kf3 f5 13. exf6 Nxf6 14. c5 $1 Qa5 {[%emt 0:13:26] B45: Sicilian Four Knights.} 15. Nd6+ Ke7 16. Bxa6 Qxa6 {[%emt 0:
01:45] White is clearly better.} (16... Qxc5 $2 17. Nb7 (17. Bb7 Rab8 $17)
17... Qh5+ 18. Kf2) 17. Be3 {[%emt 0:00:24] [#]} Raf8 $146 (
17... Ba5 $16 {was worth a try.}) ({Predecessor:} 17... Nd5 18. Qd4 Rhg8 19. f5
Raf8 20. Bg5+ Rf6 21. Rhd1 Qa5 22. Rac1 Qxa2 23. Bxf6+ gxf6 24. fxe6 Rg5 25.
exd7 Kxd7 26. h4 Rg8 27. Qe4 Bxc5 28. Rxc5 Qxb2 29. Qf5+ {1-0 (29) Fier,A 
(2569)-Perez Candelario,M (2607) Peniche 2021}) 18. Qd4 $18 Ba5 19. f5 h6 {[%emt 0:10:02] Prevents Bg5.}
(19... Bc7 $16) 20. Bf4 Rhg8 21. Qc4 {
[%emt 0:15:16] Chess con chili.} (21. Nc4 Kd8 $14) 21... Qxc4 22. Nxc4 Ne8 23. Nxa5 {[%emt 0:
00:00] And now g4 would win.} Rxf5 {[%emt 0:00:04] Hoping for ...g5.} 24. Kg3 Rxc5 25. Bd2 (25. Nb3 $142
Rc2 26. Be5) 25... Rd5 {[%emt 0:00:57] aiming for ...Rd3+.} 26. Rad1 Nd6 {[%emt 0:02:28] Threatens to win with ...Ne4+.} 27. Rhe1 {[%emt 0:
00:00] Prevents Ne4+.} ({Don't play} 27. Bb4 $6 Rg5+ 28. Kf2 c5 $14) 27... Rf8 28. h3 $1 ({Worse is} 28. Bb4 Rg5+ 29. Kh3
Rh5+ 30. Kg4 Rg5+ 31. Kh3 Rh5+ 32. Kg4 Rg5+ 33. Kh3 $11) 28... Rff5 29. Bb4 Rxd1 30. Rxd1 c5 31. Be1 Ne4+ {[%emt 0:01:26] [#]} (31...
e5 $16) 32. Kh2 $1 d5 33. Nc6+ Kd7 34. Nxa7 Rf1 35. g4 Rf8 36. Nb5 Rb8 (36... Rf3 $16 37. Kg2 Re3) 37. a4 c4 (
37... g6 {was necessary.} 38. Kg2 Ra8) 38. Kg2 Nc5 39. Bg3 Rb7 40. Be5 Nxa4 {[%emt 0:01:11] [#]} 41. Ra1 $1 Nc5 42.
Nd6 Rb6 (42... Rb3 43. Nf7 (43. Ra7+ Kc6 $18)
43... Ke7) 43. Ra7+ Kc6 44. Nf7 Nd3 45. Bd4 Rb3 46.
Nd8+ {[%emt 0:00:00] White is clearly winning.} Kb5 47. Nxe6 Kc6 48. Bxg7 Kd6 49. Ra6+ Ke7 50. Bxh6 Rxb2+ 51. Kg3 c3 52. Nd4 c2 53. Rc6 Nb4 54. Rc7+ Ke8 55. h4 Ra2 56. h5 {[%emt 0:00:00] Black must now
prevent Bg5.} Ra3+ 57. Kh4 Ra6 58. Bd2 {[%emt 0:00:00] Weighted Error Value: White=0.12 (very precise) /
Black=0.33} 1-0

[Event "44th Chess Olympiad Open 2022"]
[Site "Chennai"]
[Date "2022.08.01"]
[Round "4.23"]
[White "Westerberg, Jonathan"]
[Black "Kobese, Watu"]
[Result "1/2-1/2"]
[WhiteElo "2476"]
[BlackElo "2311"]
[Annotator "TA"]
[PlyCount "76"]
[EventDate "2022.??.??"]
[TimeControl "60"]

1. e4 e5 2. Nf3 Nc6 3. Nc3 Nf6 4. Be2 d5 5. exd5 Nxd5 6. O-O Nxc3 7. bxc3 e4 {[%emt 0:00:10] C47: Scotch Four
Knights and Four Knights with 4 g3.} 8. Ne1 Bd6 9. f3 Bf5 10. fxe4 Bxe4
{[%emt 0:00:00] White must now prevent ...Qh4.} 11. Nf3 {[%emt 0:00:34]
Inhibits Qh4.} O-O 12. d4 h6 13. Bd3 {[%emt 0:03:08] [#]} Re8 $146 (13... Qe7 {seems
wilder.} 14. g3 Rae8 15. Nh4 Bxd3 16. Qxd3 b6) ({Predecessor:} 13... Qe7 14.
Bxe4 Qxe4 15. Qd3 Rae8 16. Bd2 Qxd3 17. cxd3 f5 18. Rae1 Kh7 19. g3 g5 {
½-½ (52) Popov,I (2585)-Solodovnichenko,Y (2554) La Roda 2019}) 14. Rb1 b6 15. Bxe4 Rxe4 16. Qd3 Qe7 17. Bd2 Re8 18. Rf2 Bf4 19. Bxf4 Rxf4 20. g3 Rf6 21. Rbf1 (21. Re1 $11 Qd7 22. Rxe8+ Qxe8 23. Re2) 21...
Qd7 22. c4 Qd6 23. Kg2 Rfe6 24. Qd2 (24. Qf5 $15)
24... Re4 (24... Na5 $19 25. c5 (25. Ne5 $2 f6 $19) 25... Qd5)
25. c3 $17 Na5 26. Ne5 {[%emt 0:02:43] [#]}
Nxc4 $1 27. Nxc4 Qd5 28.
Nxb6 axb6 29. Kg1 Re3 (29... f6 $17 30. Qc2 Qc6 31. Qb3+ Kh8) 30. Rxf7 $11 {[%emt 0:
00:00] The position is equal.} Qxf7 31. Rxf7 Kxf7 {[%emt 0:00:06] Endgame KQ-KRR} 32. Kf2 R3e6 33. Qd3 R8e7 34. a4 g6 35. h4 Kg7 36. c4 Rf6+ 37. Kg2 Rfe6 38. Kf2 Rf6+ {[%emt 0:00:26] Weighted Error Value: White=0.12
(very precise) /Black=0.09 (flawless)} 1/2-1/2

[Event "44th Chess Olympiad Open 2022"]
[Site "Chennai"]
[Date "2022.08.01"]
[Round "4.23"]
[White "Solomon, Kenny"]
[Black "Grandelius, Nils"]
[Result "0-1"]
[WhiteElo "2355"]
[BlackElo "2655"]
[Annotator "TA"]
[PlyCount "68"]
[EventDate "2022.??.??"]
[TimeControl "60"]

1. d4 Nf6 2. Nf3 d5 3. c3 Bf5 4. Qb3 Qc8 5. c4 e6 6. cxd5 {
[%emt 0:04:07] D02:1 d4 d5 2 Nf3 sidelines, including 2...Nf6 3 g3 and 2...
Nf6 3 Bf4.} exd5 7. Nc3 c6 8. Bf4 {[%emt 0:02:01] The position is equal.} Be7 9. e3 O-O 10. Be2 {[%emt 0:00:19] [#]} b5 $146 ({Predecessor:} 10... Nbd7 11. h3 Ne4 12. O-O
a5 13. Rac1 Nxc3 14. Qxc3 a4 15. a3 Qd8 16. Bd3 Bxd3 17. Qxd3 {1-0 (48)
Erigaisi,A (2629)-Maghsoodloo,P (2701) Warsaw 2021}) 11. O-O a5 12. a4 b4 13. Nb1 Nbd7 14. Rc1 Qb7 15. Nbd2 c5 16. dxc5 Nxc5 17. Qd1 Nfe4 18. Nd4 Bd7 19. Nxe4 dxe4 20. Bc4 Rac8 21. b3 Qb6 22. Rc2 Qg6 23. Rac1 (23. Qf1 $11) 23... Nd3 $17 24. Bxd3 exd3 25. Rc7 Rxc7 26. Rxc7 Rd8 27. Qd2 (27. f3 $17) 27... h6 28. Rc1 (28. Be5 {was forced.}) 28... Bf6 $1 $40 {[%emt 0:00:17] aiming for ...Bxd4.
Black attacks with force.} 29. Bc7 $2 (29. f3) 29... Re8 {
[%emt 0:02:51] ...Bxd4 is the strong threat.} 30. Nb5 Be6 31. Nd6 $2 (31. Kh1 Bxb3 32. Bxa5 Bxa4 33.
Qxb4) 31... Bc3 {[%emt 0:01:00][%cal Ye6h3] ( -> ...Bh3!). A strong pair of
Bishops.} 32. Qa2 {[%emt 0:00:46] [#]} d2 (32... Bh3 $142 $1
33. g3 Qh5 $1 34. f3 Qxf3 $1 35. Qf2 d2 36. Rf1 Rxe3 37. Bb6 Qxf2+ 38. Kxf2 Re1
39. Rg1 Rxg1 40. Kxg1 d1=Q+ 41. Kf2 Qd2+ 42. Kf3 Bg2+ 43. Kg4 Qg5#) 33. Rd1 {
[%emt 0:00:21] [#]} Bd5 $1 34. e4 (34. g3 Re7
) 34... Rxe4 {[%emt 0:00:21] Weighted Error Value: White=1.01/Black=0.67} 0-1

[Event "44th Chess Olympiad Open 2022"]
[Site "Chennai"]
[Date "2022.08.01"]
[Round "4.23"]
[White "Barrish, Daniel"]
[Black "Hillarp Persson, Tiger"]
[Result "0-1"]
[WhiteElo "2283"]
[BlackElo "2516"]
[Annotator "TA"]
[PlyCount "68"]
[EventDate "2022.??.??"]
[TimeControl "60"]

1. d4 Nf6 2. c4 e6 3. Nc3 Bb4 4. Qc2 c5 5. dxc5 O-O 6. Nf3 Na6 7. a3 Bxc3+ 8. Qxc3 Nxc5 9. b4 Nce4 10. Qd4 d6 11. Bb2 {[%emt 0:00:00] E39:
Nimzo-Indian: Classical: 4...c5 5 dxc5 0-0.} ({White should play} 11. g3 $15)
11... e5 $17 12. Qe3 {[%emt 0:08:29] [#]} Bf5 $146 (12... b5 $17 {Threatens to win with ...Bb7.} 13. Nd2 Nxd2 14. Qxd2
bxc4) ({Predecessor:} 12... b6 13. g3 Bb7 14. Bh3 h5 15. O-O Ng4 16. Qb3 Qe7
17. Rad1 Rac8 18. Bg2 Qe6 {1-0 (60) Fodor,T (2476)-Neumeier,K (2293) Austria
2012}) 13. h3 $1 $15 {[%emt 0:00:51] Black is slightly better.} b5 14. g4 Bg6 15. Rd1 (15. g5 $15 Nd7 16. Nh4 Nxg5 17. cxb5) 15... bxc4 $17 16. Nxe5 {[%emt 0:00:37] [#]} dxe5 $1 17.
Rxd8 Rfxd8 18. Bxe5 {[%emt 0:02:33] aiming
for f3.} c3 $1 $36 {[%emt 0:01:25] Black has strong initiative.} 19. Bg2 {
[%emt 0:00:43] Bxf6 is the strong threat.} (19. Bxc3 $2 Nd5 20. Qc1 Ndxc3 $19)
19... c2 $1 {[%emt 0:00:27][%csl Gc2][%cal Rd8d1] Black has strong
compensation.} 20. O-O Rd1 21. Bb2 {[%emt 0:
07:44] [#]} h6 {[%emt 0:03:34] Really sharp! Black is much more active.} ({
Better is} 21... Rad8 $1 $17 {And now ...h6 would win.} 22. f4 (22. Qxa7 Nd2
$17) 22... Nd2) 22. f4 $1 $15 {[%emt 0:12:01] Hoping for f5.} Re8 $1 {[%emt 0:
03:07] Strongly threatening ...Nd2.} 23. f5 $2 {[%emt 0:04:52] White does not
recover from this.} (23. Qxa7 Nd2 24. f5 {[#]} Bxf5 $1 25. gxf5 Rxe2 $19) (23.
Bxe4 $17 Bxe4 24. Qc3 (24. Qxa7 Bd5 $17)) 23... Nd2 $19 {[%emt 0:00:21] Pin.
Pair of Knights!} 24. Qc3 {[%emt 0:00:39] [#]} Bxf5 25. gxf5 Nxf1 26. Bxf1 Rxe2 27. Qc4 Ree1 28. Qxc2 ({Weaker is} 28. Qc8+ Kh7 29. Qxc2 Rxf1+ 30. Kg2 Nd5 31. f6+ g6
$19) 28... Rxf1+ 29. Kg2 (29. Kh2 $142 Rh1+
30. Kg3 Rdg1+ 31. Kf4) 29... Nd5 30. Qc8+ Kh7
{[%emt 0:00:06] ( -> ...Nf4+)} 31. f6 Nf4+ {[%emt 0:01:44]
Black mates.} 32. Kg3 Rd3+ 33. Kg4 Ng6 34. fxg7 Rf4+ {[%emt 0:00:10]
Weighted Error Value: White=1.13/Black=0.16 (very precise)} 0-1

[Event "44th Chess Olympiad Open 2022"]
[Site "Chennai"]
[Date "2022.08.01"]
[Round "4.24"]
[White "Laurusas, Tomas"]
[Black "Tologontegin, Semetey"]
[Result "1-0"]
[WhiteElo "2561"]
[BlackElo "2378"]
[Annotator "TA"]
[PlyCount "151"]
[EventDate "2022.??.??"]
[TimeControl "60"]

1. d4 {[%emt 0:00:03]
ChessBase II} Nf6 2. c4 e6 3. Nf3 Bb4+ 4. Bd2 Qe7 5. g3 Bxd2+ 6. Qxd2 Nc6 {[%emt 0:00:48] E11: Bogo-Indian.} 7. Nc3 d5 8. cxd5 exd5 {[%emt 0:00:08] The position is
equal.} 9. Qf4 $5 {[%emt 0:00:24] An interesting side line.} O-O 10. Bg2 Re8 11. O-O {[%emt 0:00:00] [#]}
a6 $146 ({Predecessor:} 11... Nd8 12. Rad1 c6 13. Qc1 Ne4 14.
Ne5 Bf5 15. Rfe1 f6 16. Nd3 Nf7 17. Nxe4 Bxe4 {½-½ (27) Dorfman, J (2547)
-Tregubov,P (2578) Brest 2018 EXT 2019 [ChessBase II]}) 12. Rac1 Na7 13. Nd2 c6 14. e4 dxe4 15. Ndxe4 Nxe4 16. Nxe4 Nb5 17. Rfe1 Be6 18. Nc5 Rad8 ({Black should play} 18... Qd6 $14) 19. d5 $1 $16 cxd5 20. a4 $1 Na7 21. Nxe6 {
[%emt 0:00:06] 0x0.001eb902e7b5dp-1022s more active pieces.} fxe6 22. Rc7 $36 {[%emt 0:00:04][%cal Yc1c7,Yc7b7,Yb7b6] White is on the roll.}
Qf6 (22... Rd7 $2 23. Bxd5 $1 Qd6 24. Rxd7 Qxd7 25. Qf5 $1 $18
) (22... Qf8 $142) 23. Qxf6 (23. Rxb7 $6 Qxf4 24. gxf4 Nc6 $14
) 23... gxf6 24. Rxb7 Nc6 25. Rb6 Nd4 26. Rd1 (26. Rxa6 $6 Ra8 27. Rxa8 Rxa8 $14) 26... Nc2 27. Bh3
{[%emt 0:08:00] aiming for Rd2.} (27. Rxa6 Ra8 28. Rxa8 Rxa8 $16) 27... Kf7 (27... f5 $16 28. Rxa6 Nb4) 28. Rc1 $2 (28.
Rxa6 Rb8 $16) (28. Rd2 $18) 28... Nd4 29. Rc7+ (29. Bg4 $16 Kg6 30. Rd1 (30. Rxa6 Ra8 $16)) 29... Re7 $11 30. Rcb7 a5 31. b4 axb4 32. Rxb4 Nf3+ 33. Kg2 Ne1+ 34. Kf1 Nd3 35. R4b5 Rc8 $2 (35... Ne5 $11) 36.
Rxe7+ $16 Kxe7 {[%emt 0:00:08] Endgame KRB-KRN} 37. Rb7+ Kd6 38. Rb6+ ({Not} 38. Rxh7
Rc2 39. Ra7 Rxf2+ 40. Kg1 Ke5 $17) 38... Kc5 39. Rxe6 {
[%emt 0:00:15] Hoping for Re3.} ({Don't take} 39. Bxe6 $6 Kxb6 40. Bxc8 Nc5 $16
) 39... Rb8 40. Bf5 ({Don't do} 40. Rxf6 Rb1+
41. Ke2 Kd4) 40... Rb1+ 41. Kg2 ({White
should try} 41. Ke2 $18 Kd4 42. Bxd3 Rb2+ 43. Kf3 Kxd3 44. Rxf6) 41... Ne1+ $14 42. Kh3 Ra1 43. Rxf6 (43. Kg4 $16) 43... d4 $11 44. Bxh7 {[%emt 0:
00:00] White wants to play Re6.} d3 {[%emt 0:00:20] Strongly threatening ...d2.
} 45. Bxd3 Nxd3 {[%emt 0:00:04] KRN-KR} 46. a5 Kd4 47. g4 Rxa5 48. Kh4 Ra2 49. Kg3 Ke5 {[%emt 0:02:
19] Against Rd6} 50. Rf3 Ke4 51. h4 Ra1 52. Rf8 Ne5 53.
Rf4+ Kd5 54. h5 Ke6 55. f3 Rg1+ 56. Kh4 Rf1 57. Kg3 Rg1+ 58.
Kh3 Rd1 59. Rf5 Rc1 60. Kg3 Rb1 61. Rf8 Ke7 62. Rf4 {[%emt 0:00:42] White has compensation.}
Ke6 63. Rf5 Ra1 64. Kf4 Nf7 65. Rb5 Ra4+ 66. Kg3 Ra3 67. Rb6+ Ke7 68. h6 Ne5 69. Kf4 Nxf3 $2 (69...
Nf7 $11) 70. h7 Ra8 71. Kxf3 Kf7 {[%emt 0:00:00] [#]} 72. Rh6 $2 (72. g5 $1 {mates} Kg7 73.
g6 Ra3+ 74. Kf4 Ra8 75. Re6 Ra4+ 76. Kf5 Ra5+ 77. Re5) 72... Rh8 $2 (72... Kg7 $11 73. Rh1 Ra3+ 74. Ke2 Ra2+ 75. Kf3 Ra3+ 76. Kf2 Ra2+ 77.
Kf3 Ra3+) 73. Kf4 {[%emt 0:00:04] White mates.} Kf8 74. Kg5 Kg7 75. Rg6+ Kf7 76. Kh6 {[%emt 0:00:05] Weighted Error Value: White=0.13 (very precise) /
Black=0.15 (very precise)} 1-0

[Event "44th Chess Olympiad Open 2022"]
[Site "Chennai"]
[Date "2022.08.01"]
[Round "4.24"]
[White "Pultinevicius, Paulius"]
[Black "Abdyjapar, Asyl"]
[Result "1-0"]
[WhiteElo "2539"]
[BlackElo "2306"]
[Annotator "TA"]
[PlyCount "51"]
[EventDate "2022.??.??"]
[TimeControl "60"]

1. d4 Nf6 2. c4 g6 3. Nc3 Bg7 4. e4 d6 5. Nf3 O-O 6. Be2 e5 7. O-O Nc6 8. Be3 Ng4 9. Bg5 f6 10. Bh4 g5 11. Bg3 Nh6 12. dxe5 fxe5 13. Nd5 $1 {[%emt 0:05:06] is recently
more successful than 13.h3. E97: King's Indian: Classical Main Line (6...e5 7
0-0 Nc6): 8 Be3 and 8 d5 Ne7, not 9 Ne1.} g4 14. Bh4 Qd7 {[%emt 0:01:08] [#]} 15. Nd2 $146 {[%emt 0:01:19] White is
slightly better.} ({Predecessor:} 15. Ne1 Nd4 16. Nc2 Kh8 17. Qd2 Rf7 18. Rae1
Qe8 19. Bg5 Ng8 20. Bd1 Be6 21. b3 {0-1 (36) Petrosyan,M (2637)-Grischuk, A 
(2764) Chess.com INT 2022}) 15... Nd4 16. f3 c6 17. Ne7+ Kh8 18. Nxc8 (18. fxg4 {with more complications.} Nxe2+ 19. Qxe2 Qxg4 20.
Rxf8+ Bxf8 21. Qf2) 18... Raxc8 19. fxg4 (19.
Bf2 {feels hotter.} Rce8 20. fxg4 Nxe2+ 21. Qxe2 Nxg4 22. Bh4) 19... Rxf1+ (19... Nxe2+ $14 20. Qxe2 Nxg4) 20. Nxf1 $16 Nxe2+ 21. Qxe2 Nxg4 22. Rd1 Rf8 23. h3 Bf6 $2 {[%emt 0:10:34] [#]} (23... Nf6 $16 {is tougher.} 24. Ng3 Rf7) 24. Qxg4
$18 {[%emt 0:00:19] White is clearly winning.} Qxg4 25. Bxf6+ ({Not} 25. hxg4 Bxh4 26. Rxd6 Bf2+ 27. Kh2 Rf4 $11) 25... Rxf6 26. hxg4 {[%emt 0:00:04] Weighted Error Value: White=0.06 
(flawless) /Black=0.84} 1-0

[Event "44th Chess Olympiad Open 2022"]
[Site "Chennai"]
[Date "2022.08.01"]
[Round "4.24"]
[White "Markov, Mikhail"]
[Black "Juksta, Karolis"]
[Result "1/2-1/2"]
[WhiteElo "2333"]
[BlackElo "2412"]
[Annotator "RC"]
[PlyCount "100"]
[EventDate "2022.??.??"]
[TimeControl "60"]

1. d4 d5 2. Bf4 Nf6 3. e3 c5 4. c3 Nc6 5. Nf3 Nh5 6. dxc5 Nxf4 7. exf4 e6 8. b4 Qf6 9. Bb5 Qxf4 10. O-O Be7 11. Qd4 Qxd4 12. cxd4 a5 13.
bxa5 Rxa5 14. a4 Bd7 15. Nbd2 f6 16. Nb3 Ra7 17. Ne1 Kf7 18.
Nd3 Rha8 19. f4 h6 20. Rfe1 g5 21. Re2 Bd8 22. g3 Bc8 23. Kg2 Ne7 24. fxg5 hxg5 25. h3 Bc7 26. Nb4 Nf5 27. g4 Nh4+ 28. Kf2 Ng6 29. Re3 Nf4 30. Nd3 b6 31. Nxf4 gxf4 32. Rc3 bxc5 33. Nxc5 Ba5 34. Rc2 Rc7 35. Rac1 Bb6 36. Kf3 e5 37. Nb3 Rxc2 38. Rxc2 Bb7 39. h4 Rc8 40. Rxc8 Bxc8 41. Bc6 Be6 42. a5 Bc7 43. a6 e4+ 44. Kg2 Bb6 45. Nc5 Ke7 46. h5 Bxg4 47. h6 Kf7 48. Bxd5+ Kg6 49. Nxe4 Kxh6 50. Nxf6 Be2 1/2-1/2

[Event "44th Chess Olympiad Open 2022"]
[Site "Chennai"]
[Date "2022.08.01"]
[Round "4.24"]
[White "Degenbaev, Aziz"]
[Black "Kazakouski, Valery"]
[Result "0-1"]
[WhiteElo "2215"]
[BlackElo "2528"]
[Annotator "TA"]
[PlyCount "66"]
[EventDate "2022.??.??"]
[TimeControl "60"]

1. Nf3 Nf6 2. c4 e6 3. g3 d5 4. b3 d4 5. Bg2 c5 6. e3 Nc6 7. exd4 cxd4 8. O-O Bd6 9. d3 O-O {
[%emt 0:00:31] A13: English Opening: 1...e6.} 10. Na3 {[%emt 0:01:27] 10.Bg5
is the fancy move.} e5 11. Nc2 a5 {[%emt 0:
00:00] Black is slightly better.} 12. Re1 h6 13. Bb2 Re8 14. a3 {[%emt 0:00:
00][%cal Yb3b4] [#]} Qc7 $146 ({Predecessor:} 14... Bf5 15.
Rb1 Nd7 16. Ba1 Nc5 17. Bf1 Na6 18. Nd2 Bh7 19. Qf3 f5 20. Nxd4 Nxd4 21. Bxd4 {
1-0 (32) Tomashevsky,E (2555)-Vitiugov,N (2519) Belfort 2005}) 15. Qd2 Rb8 16. Rac1 Bf5 17. b4 b6 {Prevents c5.} 18. Re2 axb4 19. Nxb4 Na5 20. Rce1 (20. Qc2 $15) 20... Nb3 $17 21. Qd1 Nc5 {[%emt 0:00:33] Inhibits Na6. Black is
much more active.} 22. h3 Rbc8 23. g4 Bd7 24. Nd2 (24. Nh4 $17)
24... Ne6 $19 25. Ne4 {[%emt 0:00:30] [#]} Nxe4 $1 26. Nd5 Qa7 27. Rxe4 (27. Bxe4 {might work better.} b5 28. cxb5) 27... b5 28. cxb5 Bxb5 29. R4e2 Bc6 {[%emt 0:
00:00] [#] Strongly threatening ...Qb7.} ({Stronger than} 29... Bxa3 30. Bxa3
Qxa3 31. Rxe5 $15) 30. Rc2 Ba8 {[%emt 0:02:12]
Hoping for ...Rxc2.} 31. Bc1 $2 (31. Rxc8 Rxc8 32. Bc1) 31...
Rxc2 {[%emt 0:00:48] Black is clearly winning.} 32. Qxc2 Bxd5 33. Bxd5 Qa5 {[%emt 0:00:10] Weighted Error
Value: White=0.30/Black=0.06 (flawless)} 0-1